 Dungeon Crawl Stone Soup version 0.14-a0-3367-g7c2a7eb (webtiles) character file.

407 KaKa the Ducker (level 5, -2/24 HPs)
             Began as a Felid Monk on Mar 19, 2014.
             Shot with an arrow by a centaur (9 damage)
             ... on Level 5 of the Dungeon.
             The game lasted 00:16:21 (3775 turns).

KaKa the Ducker (Felid Monk)                        Turns: 3775, Time: 00:16:22

HP  -2/24        AC  2     Str  8      XL: 5   Next: 11%
MP   8/8         EV 21     Int 13      God:
Gold 256         SH  0     Dex 18      Spells:  0 memorised,  4 levels left
Lives: 0, deaths: 1

rFire  . . .     SeeInvis +       - Unarmed
rCold  . . .     Clarity  .     (armour unavailable)
rNeg   . . .     Conserve .     (shield unavailable)
rPois  .         rCorr    .     (helmet unavailable)
rElec  .         rRot     .     (cloak unavailable)
SustAb . .       Spirit   .     (gloves unavailable)
rMut   .         Warding  .     (boots unavailable)
Saprov . . .     Stasis   .     (no amulet)
MR     .....                    (no ring)
                                (no ring)

@: quick, not resistant to hostile enchantments, very stealthy
A: paw claws, no armour, no weapons or thrown items, fangs 3, see invisible,
carnivore 3, speed 1, shaggy fur 2, slow metabolism 1, jump 2
a: Jump Attack


You were on level 5 of the Dungeon.
You were not hungry.

You visited 1 branch of the dungeon, and saw 5 of its levels.

You collected 256 gold pieces.

Inventory:

Comestibles
 b - 2 meat rations
Scrolls
 a - 5 scrolls of identify {unknown}
 d - 2 scrolls of fog {unknown}
 f - a scroll of immolation {unknown}
 g - a scroll of teleportation {unknown}
 h - a scroll of enchant armour {unknown}
 i - a scroll of blinking {unknown}
 k - 3 scrolls of remove curse {unknown}
 l - 3 scrolls of noise {unknown}
 m - a scroll of magic mapping {unknown}
Potions
 c - a potion of might {unknown}
 e - a potion of magic {unknown}
 j - a potion of heal wounds
 n - a potion of haste {unknown}
Books
 o - a book of the Warp

   Spells                             Type                      Level
   Control Teleport                   Charms/Translocation         4
   Phase Shift                        Translocation                5
   Warp Weapon                        Charms/Translocation         5
   Summon Forest                      Summoning/Translocation      5
   Dispersal                          Translocation                6
   Controlled Blink                   Translocation                7
   Disjunction                        Translocation                8


   Skills:
 + Level 2.8 Fighting
 + Level 5.7 Dodging
 + Level 5.0 Stealth
 * Level 4.9 Unarmed Combat


You had 4 spell levels left.
You didn't know any spells.

Dungeon Overview and Level Annotations

Branches:
Dungeon (5/15)
 Temple: D:4-7

Altars:

Annotations:
D:3 runewalsh's ghost, average OpIE
D:4 Natasha


Innate Abilities, Weirdness & Mutations

You cannot wear armour.
You are incapable of wielding weapons or throwing items.
Your paws have sharp claws.
You have razor-sharp teeth.
You have supernaturally acute eyesight.
You are carnivorous and can eat meat at any time.
You cover ground quickly.
You are covered in thick fur (AC +2).
You have a slow metabolism.
You can jump attack at a medium distance.


Message History

an arrow; a scroll labeled THRESY THRYNT The centaur shoots an arrow.
The arrow misses you.
You see here an arrow.
You open the door.
The centaur shoots an arrow.
The arrow misses you.
The centaur shoots an arrow.
The arrow misses you.
There is an open door here.
You see here an arrow.
You open the door.
You hear a slurping noise.
There is an open door here.
You close the door.
You hear a distant slurping noise.
The door mysteriously vanishes.
The centaur shoots an arrow.
The arrow hits you!
* * * LOW HITPOINT WARNING * * *
You see here an arrow.
There is an open door here.
You see here a stone.
The centaur shoots an arrow.
The arrow hits you!
You die...

#.......###.........
#.........#c........
#.......#.#.........
#...(.c.#J#.........
#...$...#.#.........
#...J...#.c.........
#..(....###((.......
###(##### #######'##
#@# ##.# #.# #..#
######'## #.##
#.......# ###'##
#.......# #....#
#.......# #....#
#.......#### #....#
#.........<# #....#
#.......##.# #....+


You could see a centaur and a jelly.

Vanquished Creatures
  A scorpion (D:4)
  2 orc wizards (D:4)
  A worker ant (D:4)
  Ijyb (D:3)
  Jessica (D:2)
  3 adders
  A giant mite (D:3)
  3 worms
  4 giant geckos
  2 oozes (D:3)
  7 orcs
  A bat skeleton (D:4)
  3 giant cockroaches
  9 goblins
  9 hobgoblins
  8 kobolds
  6 bats
  2 giant newts
  2 jackals (D:1)
  3 quokkas
  9 rats
78 creatures vanquished.

Notes
Turn   | Place    | Note
--------------------------------------------------------------
     0 | D:1      | KaKa, the Felid Monk, began the quest for the Orb.
     0 | D:1      | Reached XP level 1. HP: 9/9 MP: 2/2
   212 | D:1      | Reached XP level 2. HP: 8/13 MP: 3/3
   838 | D:2      | Noticed Jessica
   843 | D:2      | Killed Jessica
   843 | D:2      | Reached XP level 3. HP: 16/16 MP: 5/5
  1500 | D:2      | Reached XP level 4. HP: 20/20 MP: 7/7
  1806 | D:3      | Reached skill level 5 in Dodging
  1974 | D:3      | Noticed Ijyb
  2006 | D:3      | Killed Ijyb
  2272 | D:3      | Noticed runewalsh's ghost (average OpIE)
  2300 | D:4      | Reached XP level 5. HP: 14/23 MP: 8/8
  3147 | D:4      | Reached skill level 5 in Stealth
  3473 | D:4      | Noticed Natasha
  3570 | D:4      | Noticed an ogre
  3578 | D:4      | Gained mutation: You are covered in thick fur (AC +2). [growing up]
  3578 | D:4      | Gained mutation: You can jump attack at a medium distance. [growing up]
  3578 | D:4      | Reached XP level 6. HP: 27/27 MP: 10/10
  3664 | D:5      | Entered Level 5 of the Dungeon
  3668 | D:5      | Killed from afar by an orc priest
  3669 | D:5      | Reached XP level 5. HP: -1/24 MP: 8/8
  3775 | D:5      | Shot with an arrow by a centaur

Action                   |  1- 3 |  4- 6 || total
-------------------------+-------+-------++-------
Melee: Unarmed           |    95 |   170 ||   265
 Abil: Jump Attack       |     4 |     2 ||     6
  Use: Potion            |       |     2 ||     2
 Stab: Sleeping          |     7 |    14 ||    21
